[Event "XII Paracin Festival 2019"]
[Site "Paracin"]
[Date "2019.07.09"]
[Round "5.26"]
[White "Sadykov, Ramil"]
[Black "Gandhi, Anish"]
[Result "0-1"]
[ECO "B50"]
[WhiteElo "2342"]
[BlackElo "2167"]
[Annotator "NA"]
[PlyCount "90"]
[EventDate "2019.07.05"]
[EventType "swiss"]
[EventCountry "SRB"]
[SourceTitle "playchess.com"]
[Source "ChessBase"]
[SourceQuality "1"]
[TimeControl "5400+30"]

1. e4 c5 2. Nf3 d6 3. Bc4 Nf6 4. d3 g6 5. e5 d5 6. Bb3 Ng8 7. h3 Bg7 8. c3 Nc6 9. Bf4 e6 10. O-O Nge7 11. Re1 O-O 12. Nbd2 Rb8 13. Nf1 b5 14. Qd2 d4 15. c4 Na5 16. cxb5 Nxb3 17. axb3 Rxb5 18. Bg5 Qd7 19. Bxe7 Qxe7 20. Ra5 Bh6 21. Qxh6 Rxa5 22. N1d2 Bb7 23. Nc4 Ra6 24. Ng5 f5 25. exf6 Rxf6 26. Ne5 Bd5 27. Rc1 Qg7 28. Qxg7+ Kxg7 29. Rxc5 Rf5 30. f4 Rxf4 31. Ng4 Ra1+ 32. Kh2 Rxg4 33. hxg4 Rd1 34. Rc7+ Kf6 35. Nxh7+ Ke5 36. Nf8 Rxd3 37. Nxg6+ Ke4 38. Rxa7 Rxb3 39. g5 d3 40. Nh4 d2 41. Ra1 Ke3 42. Nf3 Bxf3 43. gxf3 Ke2 44. Kg3 Rxf3+ 45. Kh4 Rf1 0-1

[Event "XII Paracin Festival 2019"]
[Site "Paracin"]
[Date "2019.07.09"]
[Round "5.27"]
[White "Nestorovic, Dejan"]
[Black "Terziev, Dimo"]
[Result "1-0"]
[ECO "E97"]
[WhiteElo "2341"]
[BlackElo "2166"]
[Annotator "NA"]
[PlyCount "95"]
[EventDate "2019.07.05"]
[EventType "swiss"]
[EventCountry "SRB"]
[SourceTitle "playchess.com"]
[Source "ChessBase"]
[SourceQuality "1"]
[TimeControl "5400+30"]

1. d4 Nf6 2. c4 g6 3. Nc3 Bg7 4. e4 d6 5. Nf3 O-O 6. Be2 e5 7. O-O Nc6 8. d5 Ne7 9. Bg5 Nd7 10. b4 f5 11. Qd2 f4 12. Ne1 h6 13. Bxe7 Qxe7 14. Bg4 a5 15. bxa5 Nc5 16. Bxc8 Rfxc8 17. f3 Rxa5 18. Nd3 Rca8 19. Rab1 b6 20. Rb5 Bf8 21. Nxc5 dxc5 22. Rxa5 Rxa5 23. Nb5 Qd7 24. Qb2 Bd6 25. a3 Kf7 26. g3 g5 27. gxf4 gxf4 28. Kh1 Qh3 29. Qe2 Ra4 30. Rc1 Ke7 31. Qg2 Qxg2+ 32. Kxg2 Ra8 33. Kf2 Rg8 34. Rg1 Rxg1 35. Kxg1 Kd7 36. Kf1 Be7 37. Ke2 h5 38. Na7 Bh4 39. a4 Bf6 40. Nc6 Bg7 41. Kd3 Bf6 42. Kc2 Bg7 43. Kb3 Bf6 44. a5 bxa5 45. Ka4 Kd6 46. Nxa5 Be7 47. Nb7+ Kd7 48. Kb5 1-0

[Event "XII Paracin Festival 2019"]
[Site "Paracin"]
[Date "2019.07.09"]
[Round "5.28"]
[White "Spirliadis, Achileas"]
[Black "Franklin, Samuel G A"]
[Result "0-1"]
[ECO "E73"]
[WhiteElo "2151"]
[BlackElo "2339"]
[Annotator "NA"]
[PlyCount "76"]
[EventDate "2019.07.05"]
[EventType "swiss"]
[EventCountry "SRB"]
[SourceTitle "playchess.com"]
[Source "ChessBase"]
[SourceQuality "1"]
[TimeControl "5400+30"]

1. d4 Nf6 2. c4 g6 3. Nc3 Bg7 4. e4 d6 5. Be2 O-O 6. Bg5 c5 7. dxc5 Qa5 8. Bd2 Qxc5 9. Nf3 Bg4 10. Be3 Qa5 11. O-O Nc6 12. a3 Rfc8 13. b4 Qd8 14. Rc1 Qf8 15. c5 dxc5 16. bxc5 Nd7 17. Qb3 Bxf3 18. Bxf3 Rab8 19. Be2 Nd4 20. Bxd4 Bxd4 21. Qd5 Bxc3 22. Rxc3 Rc7 23. Bb5 Nxc5 24. Qe5 Rbc8 25. h4 Qg7 26. Qg3 Qd4 27. Rc4 Qb2 28. Rb4 Qd2 29. h5 a6 30. Bc4 e6 31. hxg6 hxg6 32. e5 a5 33. Rb3 Nxb3 34. Bxe6 fxe6 35. Qxg6+ Kh8 36. Qxe6 Nd4 37. Qf6+ Kg8 38. g3 Rc6 0-1

[Event "XII Paracin Festival 2019"]
[Site "Paracin"]
[Date "2019.07.09"]
[Round "5.29"]
[White "Ulziikhishigjargal, Ochirkhuyag"]
[Black "Lazov, Toni"]
[Result "0-1"]
[ECO "C41"]
[WhiteElo "2017"]
[BlackElo "2313"]
[Annotator "NA"]
[PlyCount "110"]
[EventDate "2019.07.05"]
[EventType "swiss"]
[EventCountry "SRB"]
[SourceTitle "playchess.com"]
[Source "ChessBase"]
[SourceQuality "1"]
[TimeControl "5400+30"]

1. e4 d6 2. d4 Nf6 3. Nc3 e5 4. Nf3 Nbd7 5. Bc4 Be7 6. O-O O-O 7. a4 c6 8. Qe2 exd4 9. Nxd4 Re8 10. f3 d5 11. exd5 Bc5 12. Qf2 Nb6 13. Bb3 Nbxd5 14. Nxd5 Nxd5 15. Bxd5 Qxd5 16. c3 Bd6 17. b4 a5 18. Bd2 Qh5 19. f4 Bd7 20. Nf3 Be6 21. Qh4 Qxh4 22. Nxh4 Bc4 23. Rfe1 g6 24. Nf3 Rxe1+ 25. Rxe1 f6 26. g3 axb4 27. cxb4 Rxa4 28. Re8+ Kf7 29. Rh8 Bd5 30. Nh4 Kg7 31. Rd8 Bxb4 32. Rd7+ Kg8 33. Bxb4 Rxb4 34. Kf2 Rb2+ 35. Ke3 b5 36. Rd8+ Kf7 37. Rd7+ Ke6 38. Rxh7 Rxh2 39. Rh6 Kf7 40. Rh7+ Ke6 41. Rh6 b4 42. Rxg6 b3 43. Rg8 Kd6 44. Rb8 Kc5 45. Nf5 Kc4 46. Ne7 b2 47. g4 Kc3 48. Nxd5+ cxd5 49. Rc8+ Kb3 50. Rb8+ Kc2 51. Rc8+ Kd1 52. Rb8 Kc1 53. Kd4 Rd2+ 54. Ke3 Rg2 55. Kf3 Rc2 0-1

[Event "XII Paracin Festival 2019"]
[Site "Paracin"]
[Date "2019.07.09"]
[Round "5.30"]
[White "Kishan, Gangolli"]
[Black "Rabrenovic, Vladan"]
[Result "0-1"]
[ECO "A41"]
[WhiteElo "2035"]
[BlackElo "2326"]
[Annotator "NA"]
[PlyCount "80"]
[EventDate "2019.07.05"]
[EventType "swiss"]
[EventCountry "SRB"]
[SourceTitle "playchess.com"]
[Source "ChessBase"]
[SourceQuality "1"]
[TimeControl "5400+30"]

1. d4 d6 2. c4 e5 3. Nf3 e4 4. Ng5 f5 5. Nc3 h6 6. Nh3 g5 7. g3 Nf6 8. Bg2 Bg7 9. f3 Qe7 10. O-O O-O 11. Kh1 c6 12. d5 cxd5 13. cxd5 Na6 14. Rb1 Bd7 15. b4 Rac8 16. Qb3 Ng4 17. Nd1 exf3 18. exf3 Bb5 19. fxg4 Bxf1 20. Bxf1 Qe1 21. Kg2 Rxc1 22. Rxc1 Qd2+ 23. Nhf2 Qxc1 24. gxf5 Rxf5 25. Qd3 Qc8 26. Ne3 Rf8 27. a3 Qc3 28. Qe4 Qe5 29. Qd3 Qd4 30. Nf5 Qe5 31. Ne3 Nc7 32. Nfg4 Qb2+ 33. Be2 h5 34. Nf2 Qd4 35. Nf5 Qxd5+ 36. Qxd5+ Nxd5 37. Nxd6 Ne3+ 38. Kg1 Bd4 39. Bxh5 g4 40. Nde4 Nd1 0-1

[Event "XII Paracin Festival 2019"]
[Site "Paracin"]
[Date "2019.07.09"]
[Round "6.1"]
[White "Ratkovic, Milovan"]
[Black "Bashirli, Nail"]
[Result "1/2-1/2"]
[ECO "A45"]
[WhiteElo "2407"]
[BlackElo "2367"]
[Annotator "NA"]
[PlyCount "121"]
[EventDate "2019.07.05"]
[EventType "swiss"]
[EventCountry "SRB"]
[SourceTitle "playchess.com"]
[Source "ChessBase"]
[SourceQuality "1"]
[TimeControl "5400+30"]

1. d4 Nf6 2. Bg5 Ne4 3. h4 c5 4. dxc5 Qa5+ 5. Nd2 Nxg5 6. hxg5 g6 7. c3 Qxc5 8. Ne4 Qe5 9. Rh4 Bg7 10. Nf3 Qc7 11. e3 d6 12. Bc4 Nc6 13. Qb3 O-O 14. Bd5 Qb6 15. Qxb6 axb6 16. Ke2 Ra5 17. Rd1 Rb5 18. Rd2 Bd7 19. Bc4 Ra5 20. a3 Ne5 21. Nxe5 Rxe5 22. Bd5 Bb5+ 23. Ke1 Bc6 24. Bxc6 bxc6 25. Rg4 Ra8 26. Ke2 b5 27. Ng3 Re6 28. Re4 Rxe4 29. Nxe4 Ra4 30. f3 Be5 31. Nf2 f5 32. f4 Bg7 33. g4 Kf7 34. Kf3 Rc4 35. gxf5 gxf5 36. Nd3 c5 37. Rh2 e5 38. Ne1 e4+ 39. Kg3 d5 40. Nc2 Bxc3 41. bxc3 Rxc3 42. Rxh7+ Kg8 43. Rd7 d4 44. Nxd4 cxd4 45. Rxd4 Rxe3+ 46. Kh4 Rd3 47. Rb4 Rd5 48. a4 bxa4 49. Rxa4 Kf7 50. Kh5 Rd1 51. g6+ Kg7 52. Kg5 Rg1+ 53. Kxf5 Rxg6 54. Ra7+ Kh6 55. Kxe4 Rb6 56. Ke5 Rb5+ 57. Kf6 Rb6+ 58. Kf7 Rb5 59. Ra6+ Kh5 60. Kf6 Kg4 61. Ra4 1/2-1/2

[Event "XII Paracin Festival 2019"]
[Site "Paracin"]
[Date "2019.07.09"]
[Round "6.2"]
[White "Ivanisevic, Ivan"]
[Black "Froewis, Georg"]
[Result "1-0"]
[ECO "D44"]
[WhiteElo "2612"]
[BlackElo "2434"]
[Annotator "RC"]
[PlyCount "75"]
[EventDate "2019.07.05"]
[EventType "swiss"]
[EventCountry "SRB"]
[SourceTitle "playchess.com"]
[Source "ChessBase"]
[SourceQuality "1"]
[TimeControl "5400+30"]

1. c4 e6 2. Nc3 d5 3. d4 c6 4. Nf3 Nf6 5. Bg5 dxc4 6. a4 Bb4 7. e4 Qa5 8. Bd2 c5 9. Bxc4 cxd4 10. Nxd4 O-O 11. Nc2 Bxc3 12. Bxc3 Qg5 13. Qe2 Nc6 14. O-O e5 15. f3 Nh5 16. Qe3 Nf4 17. g3 Bh3 18. Rf2 Be6 19. Bf1 f6 20. Kh1 Nh3 21. Bxh3 Bxh3 22. g4 Qh4 23. Rg1 h5 24. Be1 hxg4 25. fxg4 Nd4 26. Nxd4 exd4 27. Qb3+ Rf7 28. Rf3 Bg2+ 29. Kxg2 Qxg4+ 30. Kf1 Qxe4 31. Rxg7+ Kxg7 32. Rg3+ Kh8 33. Qxf7 Qh1+ 34. Ke2 Qxh2+ 35. Kd1 Qh6 36. Qg6 Qxg6 37. Rxg6 Rf8 38. Bf2 1-0

[Event "XII Paracin Festival 2019"]
[Site "Paracin"]
[Date "2019.07.09"]
[Round "6.3"]
[White "Lajthajm, Borko"]
[Black "Korpa, Bence"]
[Result "0-1"]
[ECO "B01"]
[WhiteElo "2424"]
[BlackElo "2523"]
[Annotator "ChessBase"]
[PlyCount "126"]
[EventDate "2019.07.05"]
[EventType "swiss"]
[EventCountry "SRB"]
[SourceTitle "playchess.com"]
[Source "ChessBase"]
[SourceQuality "1"]
[TimeControl "5400+30"]

1. e4 d5 2. exd5 Qxd5 3. Nc3 Qd6 4. d4 Nf6 5. Bc4 c6 6. Nge2 Bf5 7. Bf4 Qd8 8. Ng3 Bg6 9. h4 h6 10. h5 Bh7 11. Be5 e6 12. a3 Nbd7 13. Qe2 Be7 14. O-O-O O-O 15. Bd3 Qa5 16. Bxh7+ Nxh7 17. Rd3 Nxe5 18. dxe5 Rad8 19. f4 Rxd3 20. Qxd3 Rd8 21. Qf3 Bxa3 22. bxa3 Qxa3+ 23. Kb1 Rd4 24. Na2 Qxf3 25. gxf3 Rxf4 26. Rd1 Ng5 27. Rd8+ Kh7 28. Rd7 Rxf3 29. Ne2 Re3 30. Nac1 Rxe5 31. Nc3 b5 32. Nd3 Rf5 33. Rxa7 g6 34. Ne2 Ne4 35. hxg6+ Kxg6 36. Nd4 Rf1+ 37. Kb2 Ng5 38. Ne5+ Kg7 39. Nexc6 h5 40. Nxb5 Rf4 41. Nd6 h4 42. Nd8 Kg6 43. N6xf7 Nxf7 44. Nxe6 Rg4 45. Ra3 Kf5 46. Nc5 Ne5 47. Ra8 Rb4+ 48. Kc1 h3 49. Rh8 Kg4 50. Kd2 Kg3 51. Ke3 Ng4+ 52. Kd2 h2 53. Nd3 Rb6 54. Rxh2 Nxh2 55. c4 Kf3 56. c5 Rb8 57. Kc3 Ke4 58. Nb4 Ng4 59. Na6 Rc8 60. Kc4 Ne5+ 61. Kb5 Kd4 62. Kb6 Kc4 63. Kb7 Rc6 0-1

[Event "XII Paracin Festival 2019"]
[Site "Paracin"]
[Date "2019.07.09"]
[Round "6.4"]
[White "Vishnu Prasanna. V"]
[Black "Ratkovic, Miloje"]
[Result "1/2-1/2"]
[ECO "B18"]
[WhiteElo "2505"]
[BlackElo "2416"]
[Annotator "ChessBase"]
[PlyCount "113"]
[EventDate "2019.07.05"]
[EventType "swiss"]
[EventCountry "SRB"]
[SourceTitle "playchess.com"]
[Source "ChessBase"]
[SourceQuality "1"]
[TimeControl "5400+30"]

1. e4 c6 2. d4 d5 3. Nd2 dxe4 4. Nxe4 Bf5 5. Ng3 Bg6 6. c3 e6 7. Nh3 Bd6 8. Nf4 Bxf4 9. Bxf4 Nf6 10. h4 h6 11. h5 Bh7 12. Qb3 Qe7 13. Be2 O-O 14. O-O a5 15. c4 a4 16. Qc3 Nbd7 17. Rfe1 Rfc8 18. Rac1 Qd8 19. Bf3 Qb6 20. Re3 Qa6 21. Qb4 Re8 22. Rce1 Nb6 23. Be2 Nbd7 24. Nf1 Qa7 25. Rd1 b5 26. Bf3 bxc4 27. Bxc6 Nd5 28. Bxd5 exd5 29. Qd6 Nf6 30. Rxe8+ Rxe8 31. Bxh6 Re6 32. Qd8+ Re8 33. Qd6 a3 34. bxa3 Qa4 35. Rc1 Ne4 36. Qxd5 gxh6 37. Qxc4 Qxa3 38. Re1 Ra8 39. d5 Qa4 40. Qc1 Qxa2 41. Qf4 Qxd5 42. Qxh6 Qf5 43. f3 Qc5+ 44. Kh2 Qd6+ 45. Qxd6 Nxd6 46. g4 Ra3 47. Re3 Ra2+ 48. Kg3 Nc4 49. Re8+ Kg7 50. Ne3 Nxe3 51. Rxe3 Ra4 52. Rc3 f6 53. Rc7+ Kh6 54. f4 Be4 55. Kh4 Ba8 56. Rf7 Rxf4 57. Rxf6+ 1/2-1/2

[Event "XII Paracin Festival 2019"]
[Site "Paracin"]
[Date "2019.07.09"]
[Round "6.5"]
[White "Gadimbayli, Abdulla"]
[Black "Lorparizangeneh, Shahin"]
[Result "1/2-1/2"]
[ECO "B30"]
[WhiteElo "2414"]
[BlackElo "2494"]
[Annotator "ChessBase"]
[PlyCount "111"]
[EventDate "2019.07.05"]
[EventType "swiss"]
[EventCountry "SRB"]
[SourceTitle "playchess.com"]
[Source "ChessBase"]
[SourceQuality "1"]
[TimeControl "5400+30"]

1. e4 c5 2. Nf3 Nc6 3. Bb5 d6 4. Bxc6+ bxc6 5. O-O e5 6. c3 f5 7. exf5 Be7 8. d4 e4 9. Nfd2 Nf6 10. dxc5 d5 11. Nb3 Bxf5 12. Nd4 Bd7 13. b4 O-O 14. Bf4 Qe8 15. Na3 Nh5 16. Be3 Nf4 17. Bxf4 Rxf4 18. c4 Bf6 19. Nac2 dxc4 20. Qe2 Qf7 21. g3 Bh3 22. Qe3 Bxf1 23. Rxf1 Rg4 24. Nxc6 Qd5 25. b5 Rg5 26. h4 Rh5 27. a4 Qxc5 28. Qxe4 Rf8 29. Rd1 Bxh4 30. Ne3 Bf6 31. Qxc4+ Qxc4 32. Nxc4 Rc5 33. Nd6 Ra8 34. Rb1 Kf8 35. Kg2 h5 36. Rb4 a6 37. Ne4 Rc1 38. Nxf6 gxf6 39. Nd4 axb5 40. axb5 Rb8 41. b6 Kf7 42. Rb5 Rc4 43. Nf5 Rc6 44. Nh4 Rbxb6 45. Rxh5 Rc2 46. Rh7+ Kg8 47. Rh5 Kf7 48. Rh7+ Ke6 49. Ng6 Rbb2 50. Nf4+ Kf5 51. Rh5+ Ke4 52. Nh3 Rd2 53. Rh4+ Ke5 54. Rh5+ Ke4 55. Rh4+ Ke5 56. Rh5+ 1/2-1/2

[Event "XII Paracin Festival 2019"]
[Site "Paracin"]
[Date "2019.07.09"]
[Round "6.6"]
[White "Kosic, Dragan"]
[Black "Janzelj, Tim"]
[Result "1-0"]
[ECO "D05"]
[WhiteElo "2482"]
[BlackElo "2416"]
[Annotator "ChessBase"]
[PlyCount "95"]
[EventDate "2019.07.05"]
[EventType "swiss"]
[EventCountry "SRB"]
[SourceTitle "playchess.com"]
[Source "ChessBase"]
[SourceQuality "1"]
[TimeControl "5400+30"]

1. d4 Nf6 2. Nf3 e6 3. e3 d5 4. Bd3 Nbd7 5. b3 Bb4+ 6. Bd2 Bd6 7. Bc3 Ne4 8. Bb2 f5 9. c4 c6 10. O-O Qf6 11. Nc3 g5 12. Bxe4 fxe4 13. Nd2 Qh6 14. g3 Nf6 15. f3 exf3 16. Qxf3 O-O 17. Qe2 Bd7 18. e4 e5 19. exd5 exd4 20. Nce4 Rae8 21. Bxd4 Ng4 22. Qg2 cxd5 23. Nxd6 Rxf1+ 24. Rxf1 Qxd6 25. Qxd5+ Qxd5 26. cxd5 Re2 27. Nf3 Rxa2 28. h3 Nh6 29. Nxg5 Nf5 30. Bf2 Re2 31. g4 Ne3 32. Bxe3 Rxe3 33. Rf7 Re5 34. Rxd7 Rxg5 35. d6 Rd5 36. Kf2 a5 37. Ke3 b5 38. Ke4 Rd1 39. Ke5 Re1+ 40. Kd5 Rd1+ 41. Kc6 Rc1+ 42. Kxb5 Rc3 43. Rc7 Rxb3+ 44. Kc4 Rb4+ 45. Kc5 Rb1 46. Rc8+ Kf7 47. d7 Rc1+ 48. Kb5 1-0

[Event "XII Paracin Festival 2019"]
[Site "Paracin"]
[Date "2019.07.09"]
[Round "6.7"]
[White "McPhillips, Joseph"]
[Black "Petrov, Martin"]
[Result "1/2-1/2"]
[ECO "A04"]
[WhiteElo "2412"]
[BlackElo "2480"]
[Annotator "ChessBase"]
[PlyCount "33"]
[EventDate "2019.07.05"]
[EventType "swiss"]
[EventCountry "SRB"]
[SourceTitle "playchess.com"]
[Source "ChessBase"]
[SourceQuality "1"]
[TimeControl "5400+30"]

1. Nf3 c5 2. b3 Nc6 3. Bb2 Nf6 4. e3 g6 5. Be2 Bg7 6. O-O d5 7. d4 cxd4 8. Nxd4 O-O 9. c4 Nxd4 10. Bxd4 dxc4 11. Bxc4 Kh8 12. Kh1 Kg8 13. Kg1 Kh8 14. Kh1 Kg8 15. Kg1 Kh8 16. Kh1 Kg8 17. Kg1 1/2-1/2

[Event "XII Paracin Festival 2019"]
[Site "Paracin"]
[Date "2019.07.09"]
[Round "6.8"]
[White "Peng, Xiongjian"]
[Black "Martic, Ivan"]
[Result "1-0"]
[ECO "B43"]
[WhiteElo "2467"]
[BlackElo "2392"]
[Annotator "ChessBase"]
[PlyCount "71"]
[EventDate "2019.07.05"]
[EventType "swiss"]
[EventCountry "SRB"]
[SourceTitle "playchess.com"]
[Source "ChessBase"]
[SourceQuality "1"]
[TimeControl "5400+30"]

1. e4 c5 2. Nf3 e6 3. d4 cxd4 4. Nxd4 a6 5. Nc3 Qc7 6. g3 Bb4 7. Nb3 Nf6 8. Bg2 O-O 9. O-O d6 10. Ne2 Nbd7 11. a3 Bc5 12. Nxc5 Nxc5 13. Nc3 Rb8 14. Bf4 e5 15. Bg5 Ncd7 16. Qd2 h6 17. Be3 b5 18. Rfd1 Nb6 19. Qxd6 Qxd6 20. Rxd6 Nc4 21. Bc5 Re8 22. Rdd1 Nd7 23. b3 Nxc5 24. bxc4 bxc4 25. Rd5 Nd7 26. Rad1 Nf6 27. Rc5 Bg4 28. f3 Rbc8 29. Ra5 Be6 30. Rxa6 Nd7 31. Rxe6 fxe6 32. Rxd7 Red8 33. Rb7 Rd2 34. Rb2 Kf8 35. Bf1 Ke7 36. Be2 1-0

[Event "XII Paracin Festival 2019"]
[Site "Paracin"]
[Date "2019.07.09"]
[Round "6.9"]
[White "Song, Raymond"]
[Black "Avalyan, Artur"]
[Result "1-0"]
[ECO "E04"]
[WhiteElo "2456"]
[BlackElo "2351"]
[Annotator "ChessBase"]
[PlyCount "113"]
[EventDate "2019.07.05"]
[EventType "swiss"]
[EventCountry "SRB"]
[SourceTitle "playchess.com"]
[Source "ChessBase"]
[SourceQuality "1"]
[TimeControl "5400+30"]

1. Nf3 d5 2. d4 Nf6 3. c4 e6 4. g3 dxc4 5. Bg2 c5 6. O-O Nc6 7. dxc5 Qxd1 8. Rxd1 Bxc5 9. Nbd2 c3 10. bxc3 O-O 11. Nb3 Be7 12. Nfd4 Bd7 13. Bg5 Rfd8 14. Bxf6 Bxf6 15. Nc5 Nxd4 16. cxd4 Bc6 17. Bxc6 bxc6 18. e3 e5 19. dxe5 Bxe5 20. Rab1 Rxd1+ 21. Rxd1 Bc7 22. Rd7 Bb6 23. Nd3 Re8 24. Rd6 Rc8 25. Ne5 c5 26. Nc4 Kf8 27. Kf1 Ke7 28. Ke2 g6 29. e4 h5 30. Rd3 Rb8 31. Rd5 Bd8 32. Rxc5 Rb1 33. Re5+ Kf6 34. Re8 Bb6 35. e5+ Kg7 36. Re7 Ra1 37. f4 Rxa2+ 38. Kf3 Kf8 39. Rb7 Bc5 40. Rc7 Be7 41. Rc8+ Kg7 42. Ne3 Ra3 43. h3 a5 44. g4 hxg4+ 45. hxg4 Bb4 46. Ke4 Rc3 47. Ra8 Bc5 48. Nd5 Rc4+ 49. Kf3 Bf8 50. f5 gxf5 51. gxf5 Rd4 52. f6+ Kh7 53. Rxf8 Rxd5 54. Rxf7+ Kg8 55. Rg7+ Kf8 56. Ke4 Rb5 57. Ra7 1-0

[Event "XII Paracin Festival 2019"]
[Site "Paracin"]
[Date "2019.07.09"]
[Round "6.10"]
[White "Harvey, Marcus R"]
[Black "Perunovic, Milos"]
[Result "1/2-1/2"]
[ECO "A04"]
[WhiteElo "2402"]
[BlackElo "2597"]
[Annotator "ChessBase"]
[PlyCount "102"]
[EventDate "2019.07.05"]
[EventType "swiss"]
[EventCountry "SRB"]
[SourceTitle "playchess.com"]
[Source "ChessBase"]
[SourceQuality "1"]
[TimeControl "5400+30"]

1. Nf3 c5 2. c4 Nc6 3. d4 cxd4 4. Nxd4 e5 5. Nc2 d6 6. e4 Be6 7. Nc3 Nf6 8. h3 Be7 9. Be3 Rc8 10. b3 a6 11. Qd2 O-O 12. Bd3 b5 13. cxb5 axb5 14. Bxb5 Qa5 15. O-O Na7 16. Bc4 Bxc4 17. bxc4 Nc6 18. Qd3 Qa6 19. Rfc1 Rfe8 20. Bg5 h6 21. Bxf6 Bxf6 22. Ne3 Bg5 23. Nb5 Nd4 24. h4 Bxh4 25. Nxd4 exd4 26. Nd5 Rc5 27. g3 Bg5 28. f4 Rxd5 29. exd5 Re3 30. Qxe3 dxe3 31. fxg5 Qa3 32. gxh6 Qb2 33. Rf1 Qe5 34. Kh2 Qh5+ 35. Kg2 Qe2+ 36. Kg1 Qg4 37. Kg2 Qxc4 38. a4 Qxd5+ 39. Kh2 Qa5 40. Kg2 d5 41. Kf3 d4 42. Ke4 e2 43. Rh1 gxh6 44. Kxd4 Qb4+ 45. Kd3 Qb3+ 46. Kxe2 Qc2+ 47. Ke3 Qc3+ 48. Kf4 Qd4+ 49. Kf3 Qd3+ 50. Kg4 Qe4+ 51. Kh3 Qe6+ 1/2-1/2

[Event "XII Paracin Festival 2019"]
[Site "Paracin"]
[Date "2019.07.09"]
[Round "6.11"]
[White "Svetushkin, Dmitry"]
[Black "Nestorovic, Dejan"]
[Result "1-0"]
[ECO "B43"]
[WhiteElo "2528"]
[BlackElo "2341"]
[Annotator "ChessBase"]
[PlyCount "59"]
[EventDate "2019.07.05"]
[EventType "swiss"]
[EventCountry "SRB"]
[SourceTitle "playchess.com"]
[Source "ChessBase"]
[SourceQuality "1"]
[TimeControl "5400+30"]

1. e4 c5 2. Nf3 e6 3. Nc3 a6 4. d4 cxd4 5. Nxd4 Qc7 6. Bd3 Nf6 7. f4 d6 8. Qf3 b5 9. g4 b4 10. Nce2 Bb7 11. Be3 d5 12. e5 Nfd7 13. O-O Nc6 14. Nxc6 Bxc6 15. Bd4 Bb5 16. Qe3 g6 17. f5 gxf5 18. gxf5 O-O-O 19. Bxb5 axb5 20. c3 Kb8 21. cxb4 Rg8+ 22. Kh1 Bxb4 23. a4 Rg4 24. Rfc1 Qb7 25. axb5 Bc5 26. b4 Bb6 27. Rc6 Re4 28. Qg1 Bxd4 29. Nxd4 Nxe5 30. Rb6 1-0

[Event "XII Paracin Festival 2019"]
[Site "Paracin"]
[Date "2019.07.09"]
[Round "6.12"]
[White "Koksal, Ege"]
[Black "Savic, Miodrag R"]
[Result "1-0"]
[ECO "E11"]
[WhiteElo "2368"]
[BlackElo "2503"]
[Annotator "ChessBase"]
[PlyCount "87"]
[EventDate "2019.07.05"]
[EventType "swiss"]
[EventCountry "SRB"]
[SourceTitle "playchess.com"]
[Source "ChessBase"]
[SourceQuality "1"]
[TimeControl "5400+30"]

1. d4 Nf6 2. c4 e6 3. Nf3 Bb4+ 4. Bd2 a5 5. g3 b6 6. Bg2 Bb7 7. O-O O-O 8. Bf4 Be7 9. Nc3 Ne4 10. Nb5 Na6 11. Rc1 c6 12. Nc3 Nxc3 13. Rxc3 d6 14. Nd2 Re8 15. Rc1 Bf8 16. Nb1 Rb8 17. Nc3 b5 18. cxb5 cxb5 19. d5 e5 20. Be3 Ba8 21. b3 Qd7 22. a4 bxa4 23. bxa4 Rec8 24. Nb5 Rxc1 25. Qxc1 Qg4 26. Qd1 Rc8 27. Bd2 Nc5 28. Bxa5 Nxa4 29. e4 Qxd1 30. Rxd1 Nb2 31. Rb1 Nc4 32. Bc7 Na3 33. Nxa3 Rxc7 34. Rb8 Bb7 35. Bf1 Bc8 36. Kg2 Rc1 37. Bb5 f5 38. Nc4 Rb1 39. Rxc8 Rxb5 40. Nxd6 Rb6 41. Nxf5 Kf7 42. Rc7+ Kf6 43. Ne3 Rb4 44. Rc4 1-0

[Event "XII Paracin Festival 2019"]
[Site "Paracin"]
[Date "2019.07.09"]
[Round "6.13"]
[White "Asadli, Vugar"]
[Black "Liu, Zhaoqi"]
[Result "1/2-1/2"]
[ECO "A00"]
[WhiteElo "2502"]
[BlackElo "2386"]
[Annotator "ChessBase"]
[PlyCount "48"]
[EventDate "2019.07.05"]
[EventType "swiss"]
[EventCountry "SRB"]
[SourceTitle "playchess.com"]
[Source "ChessBase"]
[SourceQuality "1"]
[TimeControl "5400+30"]

1. g3 c5 2. Bg2 Nc6 3. e4 g6 4. Ne2 Bg7 5. c3 e5 6. a3 a5 7. d3 Nge7 8. Be3 b6 9. c4 d6 10. Nbc3 Nd4 11. O-O O-O 12. Rb1 Be6 13. Na4 b5 14. Bxd4 cxd4 15. cxb5 Bd7 16. b6 Bxa4 17. Qxa4 Qxb6 18. f4 Qa6 19. Rf3 d5 20. exd5 e4 21. dxe4 Qxe2 22. Rf2 Qa6 23. e5 Nf5 24. d6 Rab8 1/2-1/2

[Event "XII Paracin Festival 2019"]
[Site "Paracin"]
[Date "2019.07.09"]
[Round "6.14"]
[White "Milanovic, Danilo"]
[Black "Baglan, Esat"]
[Result "0-1"]
[ECO "A85"]
[WhiteElo "2492"]
[BlackElo "2336"]
[Annotator "ChessBase"]
[PlyCount "70"]
[EventDate "2019.07.05"]
[EventType "swiss"]
[EventCountry "SRB"]
[SourceTitle "playchess.com"]
[Source "ChessBase"]
[SourceQuality "1"]
[TimeControl "5400+30"]

1. d4 f5 2. c4 Nf6 3. Nc3 d6 4. Bg5 Nbd7 5. e3 g6 6. Bd3 Bg7 7. Nge2 e5 8. f3 O-O 9. O-O a5 10. Rc1 c6 11. a3 Qe7 12. b4 axb4 13. axb4 h6 14. Bh4 g5 15. Bg3 Nh5 16. Bf2 Ndf6 17. Qc2 e4 18. fxe4 fxe4 19. Bxe4 Ng4 20. Qd3 Nxf2 21. Rxf2 Rxf2 22. Kxf2 Nf6 23. Kg1 Bd7 24. Bg6 Ng4 25. e4 Rf8 26. h3 Nf2 27. Qe3 Rf6 28. Bh5 Qf8 29. c5 g4 30. h4 dxc5 31. bxc5 Nh3+ 32. gxh3 Rf3 33. Qd2 Qf6 34. Qe1 Rxh3 35. Qf2 Rh1+ 0-1

[Event "XII Paracin Festival 2019"]
[Site "Paracin"]
[Date "2019.07.09"]
[Round "6.15"]
[White "Franklin, Samuel G A"]
[Black "Stojanovic, Mihajlo"]
[Result "1/2-1/2"]
[ECO "C11"]
[WhiteElo "2339"]
[BlackElo "2483"]
[Annotator "ChessBase"]
[PlyCount "40"]
[EventDate "2019.07.05"]
[EventType "swiss"]
[EventCountry "SRB"]
[SourceTitle "playchess.com"]
[Source "ChessBase"]
[SourceQuality "1"]
[TimeControl "5400+30"]

1. e4 e6 2. d4 d5 3. Nc3 Nf6 4. e5 Nfd7 5. f4 c5 6. Nf3 Nc6 7. Be3 a6 8. Qd2 b5 9. dxc5 Bxc5 10. Bd3 Qb6 11. Bf2 Bxf2+ 12. Qxf2 Qxf2+ 13. Kxf2 Ke7 14. Ne2 f6 15. exf6+ gxf6 16. Ned4 Nxd4 17. Nxd4 e5 18. Rhe1 Kd6 19. Nf5+ Kc7 20. b4 Rb8 1/2-1/2

[Event "XII Paracin Festival 2019"]
[Site "Paracin"]
[Date "2019.07.09"]
[Round "6.16"]
[White "Chen, Peng"]
[Black "Stankovic, Milos"]
[Result "1/2-1/2"]
[ECO "B10"]
[WhiteElo "2328"]
[BlackElo "2462"]
[Annotator "ChessBase"]
[PlyCount "59"]
[EventDate "2019.07.05"]
[EventType "swiss"]
[EventCountry "SRB"]
[SourceTitle "playchess.com"]
[Source "ChessBase"]
[SourceQuality "1"]
[TimeControl "5400+30"]

1. e4 c6 2. Nf3 d5 3. exd5 cxd5 4. Ne5 Nc6 5. d4 Nf6 6. Bb5 Bd7 7. Nxd7 Qxd7 8. c3 g6 9. O-O Bg7 10. Re1 O-O 11. Nd2 a6 12. Bd3 Qd6 13. a4 e5 14. dxe5 Nxe5 15. Nf3 Nxd3 16. Qxd3 Rfe8 17. Rxe8+ Rxe8 18. Be3 Ng4 19. Bd4 Bxd4 20. Qxd4 Re4 21. Qa7 Re2 22. Qxb7 Nxf2 23. Rf1 Nd3 24. Nd4 Re7 25. Qc8+ Kg7 26. Qg4 Kh8 27. Qc8+ Kg7 28. Qg4 Kh8 29. Qc8+ Kg7 30. Qg4 1/2-1/2

[Event "XII Paracin Festival 2019"]
[Site "Paracin"]
[Date "2019.07.09"]
[Round "6.17"]
[White "Cabarkapa, Novak"]
[Black "Lazov, Toni"]
[Result "1/2-1/2"]
[ECO "A01"]
[WhiteElo "2444"]
[BlackElo "2313"]
[Annotator "NA"]
[PlyCount "29"]
[EventDate "2019.07.05"]
[EventType "swiss"]
[EventCountry "SRB"]
[SourceTitle "playchess.com"]
[Source "ChessBase"]
[SourceQuality "1"]
[TimeControl "5400+30"]

1. b3 e5 2. Bb2 Nc6 3. e3 Nf6 4. h3 d5 5. Bb5 Bd6 6. Nf3 Qe7 7. d4 exd4 8. Qxd4 Bd7 9. Bxc6 Bxc6 10. Ne5 Bxe5 11. Qxe5 Qxe5 12. Bxe5 O-O-O 13. O-O Ne8 14. Nc3 f6 15. Bd4 1/2-1/2